 Dungeon Crawl Stone Soup version 0.22-a0-469-gf26638a71f (webtiles) character file.

24 Manul the Chopper (level 2, 0/22 HPs)
             Began as a Demonspawn Gladiator on June 12, 2018.
             Killed from afar by an orc wizard (8 damage)
             ... with a puff of flame
             ... on level 2 of the Dungeon.
             The game lasted 00:00:49 (775 turns).

Manul the Chopper (Demonspawn Gladiator)             Turns: 775, Time: 00:00:49

Health: 0/22       AC:  4    Str: 14    XL:     2   Next: 79%
Magic:  2/2        EV: 13    Int:  9    God:
Gold:   93         SH:  0    Dex: 14    Spells: 1/1 levels left

rFire    . . .     SeeInvis .   a - +0 war axe
rCold    . . .     Gourm    .   (no shield)
rNeg     . . .     Faith    .   b - +0 leather armour
rPois    .         Spirit   .   c - +0 helmet
rElec    .         Reflect  .   (no cloak)
rCorr    .         Harm     .   (no gloves)
MR       .....                  (no boots)
Stlth    +.........             (no amulet)
HPRegen  0.07/turn              (no ring)
MPRegen  0.08/turn              (no ring)

@: no status effects
A: talons 1
a: no special abilities


You were on level 2 of the Dungeon.
You were not hungry.

You visited 1 branch of the dungeon, and saw 2 of its levels.

You collected 93 gold pieces.

Inventory:

Hand Weapons
 a - a +0 war axe (weapon)
Missiles
 d - 3 throwing nets (quivered)
Armour
 b - a +0 leather armour (worn)
 c - a +0 helmet (worn)
Scrolls
 e - a scroll of teleportation {unknown}
 g - 2 scrolls of identify {unknown}
 h - a scroll of remove curse {unknown}
Comestibles
 f - 3 rations


   Skills:
 + Level 2.1 Fighting
 + Level 3.2 Axes
 + Level 1.8 Throwing
 + Level 0.3 Armour
 + Level 3.0 Dodging


You had one spell level left.
You didn't know any spells.
Your spell library was empty.

Dungeon Overview and Level Annotations

Branches:
Dungeon (2/15)

Altars:


Innate Abilities, Weirdness & Mutations

You have sharp toenails.


Message History

You barely miss the orc wizard.
You claw the orc wizard, but do no damage.
The orc wizard barely misses you. The orc wizard casts a spell at you.
The puff of flame hits you!
You are too injured to fight recklessly!
You are too injured to fight recklessly!
You are too injured to fight recklessly!
You are too injured to fight recklessly!
Unknown command.
You are too injured to fight recklessly!
You barely miss the orc wizard. You completely miss the orc.
The orc wizard hits you with a dagger. The orc hits you.
The orc wizard hits you but does no damage.
You hit the orc wizard. Your kick misses the orc wizard.
The orc wizard is heavily wounded.
You barely miss the orc. You hit the orc wizard.
The orc wizard gestures at you while chanting.
The puff of flame hits you!
You die...

#. ... .# .. ..
[. .##. ...#
#..#
.######oo######
......o@.......
.#.####..#.#.##
####..# #....$#
#.###.# #.# ..#
#.#...#.#
#<ยง...?.#
#.####.##


You could see 2 orc wizards and an orc.

Vanquished Creatures
  A dart slug (D:1)
  2 bats (D:1)
  2 giant cockroaches
  3 goblins (D:1)
  2 hobgoblins (D:1)
  3 jackals (D:1)
  A frilled lizard (D:1)
  5 kobolds (D:1)
19 creatures vanquished.

Notes
Turn   | Place    | Note
-------+----------+-------------------------------------------
     0 | D:1      | Manul the Demonspawn Gladiator began the quest for the Orb.
     0 | D:1      | Reached XP level 1. HP: 16/16 MP: 1/1
   114 | D:1      | Gained mutation: You have sharp toenails. [demonic ancestry]
   114 | D:1      | Reached XP level 2. HP: 20/22 MP: 2/2
   775 | D:2      | Killed from afar by an orc wizard

Vault maps used:
D:1:      evilmike_arrival_hilbert_curve, st_stairs_9, minmay_unequal
D:2:      first_ration

Skill      XL: |  1  2 |
---------------+-------+-----
Axes           | 3 |  3.2
Dodging        | 3 |  3.0
Fighting       | |  2.1
Throwing       | |  1.8
Armour         | |  0.3

Action                   || total
-------------------------++-------
Melee: War axe           ||    45
       Kick              ||     8
Armor: Leather armour    ||    13
Dodge: Dodged            ||    35

Table legend:
 A = Spawn XP
 B = Non-spawn XP
 C = Spawn XP percentage of total XP
 D = Spawn monster count
 E = Non-spawn monster count
 F = Spawn count percentage of total count
 G = Total turns spent on level
                    A         B        C        D         E        F      G
               +---------+---------+-------+---------+---------+-------+---------
         Total |       0 |      35 |   0.0 |       0 |      19 |   0.0 |   775
               +---------+---------+-------+---------+---------+-------+---------
           D:1 |       0 |      33 |   0.0 |       0 |      18 |   0.0 |   760
           D:2 |       0 |       2 |   0.0 |       0 |       1 |   0.0 |    15
               +---------+---------+-------+---------+---------+-------+---------
